AoeStats
← Kanyaga

Arabia

509159904Analyzed
1v1 RM · 6d ago on Sep 25, 2026· 72m 39s· 2 players
Game mode
Random Map
Map size
Tiny (2 player)
Population
200
Speed
Normal
Resources
Standard
Victory
Conquest
Starting age
Dark Age
Ending age
Imperial Age
RankedLock teamsTeams togetherTeam positionsShared explorationLock speedFull tech treeHidden civsTurbo modeCheats
Victory
Defeat
🇹🇷 Persians · Türkiye
1580
+14
🇩🇪 Teutons · Germany
1541
-14
PuffyCarrot
6:22 Loom
7:06 Loom
9:42 Feudal Age
15:25 Fletching
16:28 Double-Bit Axe
18:37 Wheelbarrow
21:38 Castle Age
20:58 Bloodlines
20:45 Gold Mining
21:54 Scale Barding Armor
22:35 Forging
22:08 Horse Collar
24:03 Pikeman
26:16 Scale Mail Armor
33:10 Iron Casting
33:58 Chain Barding Armor
33:47 Stone Mining
38:09 Heavy Plow
38:28 Hand Cart
38:14 Town Watch
41:38 Imperial Age
40:22 Masonry
40:48 Bodkin Arrow
42:36 Ballistics
42:56 Hoardings
41:48 Cavalier
43:34 Blast Furnace
44:55 Plate Barding Armor
46:38 Crenellations
48:00 Town Watch
51:12 Chemistry
53:56 Padded Archer Armor
54:08 Elite Skirmisher
55:23 Guilds
56:05 Leather Archer Armor
57:23 Guard Tower
59:02 Conscription
65:06 Ring Archer Armor
Kanyaga
4:40 Loom
9:12 Feudal Age
9:58 Double-Bit Axe
21:50 Castle Age
20:07 Gold Mining
21:01 Town Watch
22:15 Bloodlines
23:05 Parthian Tactics
23:16 Scale Barding Armor
24:56 Bow Saw
26:19 Fletching
33:22 Husbandry
36:22 Bodkin Arrow
39:14 Horse Collar
40:26 Wheelbarrow
41:27 Padded Archer Armor
41:38 Forging
43:23 Chain Barding Armor
43:39 Iron Casting
42:26 Light Cavalry
48:02 Imperial Age
46:01 Leather Archer Armor
45:11 Pikeman
46:30 Parthian Tactics
46:45 Ballistics
46:35 Masonry
48:02 Heavy Plow
48:13 Thumb Ring
49:07 Ring Archer Armor
50:26 Chemistry
49:57 Architecture
50:44 Plate Barding Armor
51:26 Conscription
50:36 Heavy Cavalry Archer
54:39 Blast Furnace
53:16 Hussar
56:07 Crop Rotation
55:30 Heavy Camel Rider
58:44 Coinage
60:39 Conscription
Connection lost

Rejoining the realm…

Still unreachable

The connection could not be restored.

Session expired

The server has moved on; the page needs a fresh start.